 Dungeon Crawl Stone Soup version 0.31-a0-177-g4aa6249778 (webtiles) character file.

Game seed: 18293572328637702327

303 qw the Shooter (level 6, -1/57 HPs)
             Began as a Naga Hunter on June 18, 2023.
             Slain by an orc
             ... wielding a +0 flail
              (7 damage)
             ... on level 3 of the Dungeon.
             The game lasted 00:01:01 (2927 turns).

qw the Shooter (Naga Hunter)                        Turns: 2927, Time: 00:01:01

Health: -1/57      AC:  5    Str: 14    XL:     6   Next: 38%
Magic:  6/6        EV:  9    Int:  9    God:
Gold:   95         SH:  0    Dex: 16    Spells: 5/5 levels left

rFire   . . .        Y - +1 shortbow
rCold   . . .        (shield currently unavailable)
rNeg    . . .        c - +0 leather armour
rPois   +            i - +0 helmet
rElec   .            (no cloak)
rCorr   .            e - +0 pair of gloves
SInv    +            (no barding)
Will    .....        (no amulet)
Stlth   ++           (no ring)
HPRegen 0.29/turn    (no ring)
MPRegen 0.10/turn

%: no passive effects
@: about to teleport, short of breath, very slow
A: AC +2, large, see invisible, deformed body, poison resistance, slowness 2,
spit poison 1, naga tail 1
a: Spit Poison


You were on level 3 of the Dungeon.
You visited 1 branch of the dungeon, and saw 4 of its levels.

You collected 119 gold pieces.
You spent 24 gold pieces at shops.


Innate Abilities, Weirdness & Mutations

Your serpentine skin is tough. (AC +2)
You have supernaturally acute eyesight. (SInv)
Armour fits poorly on your strangely shaped body.
Your system is resistant to poisons. (rPois)
You cover ground very slowly.
You can spit poison.
You have a snake-like lower body.


   Skills:
 + Level 3.9 Fighting
 - Level 6.0 Ranged Weapons
 - Level 1.5 Dodging
 - Level 1.5 Stealth


You had 5 spell levels left.
You didn't know any spells.
Your spell library was empty.

Inventory:

Hand Weapons
 Y - a +1 shortbow (weapon)
Armour
 c - a +0 leather armour (worn)
 e - a +0 pair of gloves (worn)
 i - a +0 helmet (worn)
Scrolls
 f - a scroll of identify
Potions
 b - a potion of enlightenment {unknown}
 h - a potion of experience {unknown}

Dungeon Overview and Level Annotations

Branches:
Dungeon (4/15)
 Temple: D:4-7

Altars:
Dithmenos
Nemelex Xobeh

Shops:
D:3 *

Annotations:
D:3 Pikel


Message History

You shoot an arrow. The arrow hits Pikel.
Pikel is heavily wounded.
The ball python bites you but does no damage.
Pikel hits you with a +2 whip of freezing!
Pikel freezes you. The orc hits you with a +0 flail.
The ball python bites you but does no damage.
Pikel hits you but does no damage. The orc completely misses you.
You shoot an arrow. The arrow closely misses Pikel.
The ball python completely misses you. Pikel closely misses you.
The orc closely misses you.
You shoot an arrow.
The arrow hits Pikel but does no damage.
Pikel is heavily wounded.
The ball python bites you.
Pikel hits you with a +2 whip of freezing.
Pikel freezes you. The orc closely misses you.
You shoot an arrow. The arrow hits Pikel.
Pikel is severely wounded.
You have got your breath back.
The ball python bites you but does no damage.
Pikel zaps a wand.
You easily resist.
The orc hits you with a +0 flail. The ball python closely misses you.
2925 ||| INVOKING Spit Poison.
Aiming: Spit Poison (1% risk of failure)
Press: ? - help, Shift-Dir - straight line, f/p - Pikel The splash of poison hits Pikel.
Pikel is severely wounded.
The ball python bites you but does no damage.
Pikel zaps a wand.
You easily resist.
The orc hits you with a +0 flail.
2926 ||| READING scroll of teleportation.
As you read the scroll of teleportation, it crumbles to dust.
You feel strangely unstable.
The ball python bites you but does no damage.
Pikel drinks a potion.
Pikel is healed!
The orc hits you with a +0 flail!
You shoot an arrow.
The arrow hits Pikel but does no damage.
Pikel is moderately wounded.
The ball python barely misses you. Pikel misses you.
The orc hits you with a +0 flail!
You die...

#.#.##.....####.###...######.####
#.#.##.....# #.###...# #.#
#.#.###....# #.......######.#
........(..# #..###.........#
###.####.### #..# #.......### #.#
#.# #..# #.#####.# ###.####.##
#..###.# #.# ..........##
#K.o(..# #.#
###.##.....#####@##### #.#
###.##.........S.....# #.#
.<..##.....#####.###.# #.#
.######...## #.# #.#####.# .#
#.### #.# #.......# .# #.#
#.########### .######.####
#......# ...........# ######.#
.######.##.# #.#


You could see Pikel (poisoned), an orc and a ball python.

Vanquished Creatures
  A lemure (D:4)
  An orc priest (D:3)
  A jelly (D:4)
  Terence (D:3)
  Jessica (D:3)
  An orc wizard (D:3)
  Robin (D:3)
  4 gnolls (D:3)
  4 adders
  3 dart slugs
  4 orcs (D:3)
  2 ball pythons
  4 bats
  4 endoplasms
  6 giant cockroaches
  13 goblins
  7 hobgoblins
  A quokka (D:2)
  3 frilled lizards
  4 kobolds
  7 rats
73 creatures vanquished.

Notes
Turn   | Place    | Note
-------+----------+-------------------------------------------
     0 | D:1      | qw the Naga Hunter began the quest for the Orb.
     0 | D:1      | Reached XP level 1. HP: 19/19 MP: 1/1
     0 | D:1      | 0 ||| qw: Version: 0.3-a-7-ge0c9b40
     0 | D:1      | 0 ||| qw: Game counter: 852
     0 | D:1      | 0 ||| qw: Always use a shield: true
     0 | D:1      | 0 ||| qw: God list: Okawaru
     0 | D:1      | 0 ||| qw: Allow faded altars: false
     0 | D:1      | 0 ||| qw: Do Orc after D:15 true
     0 | D:1      | 0 ||| qw: Do second Lair branch before Depths: true
     0 | D:1      | 0 ||| qw: Lair rune preference: random
     0 | D:1      | 0 ||| qw: Plans: Normal
     0 | D:1      | 0 ||| PLANNING D:1-11
   172 | D:1      | 172 ||| INVOKING Spit Poison.
   194 | D:1      | 194 ||| INVOKING Spit Poison.
   230 | D:1      | 230 ||| INVOKING Spit Poison.
   231 | D:1      | Reached skill level 4 in Ranged Weapons
   231 | D:1      | Reached XP level 2. HP: 26/26 MP: 2/2
   249 | D:1      | 249 ||| INVOKING Spit Poison.
   254 | D:1      | 254 ||| INVOKING Spit Poison.
   266 | D:1      | 266 ||| INVOKING Spit Poison.
   278 | D:1      | 278 ||| INVOKING Spit Poison.
   283 | D:1      | 283 ||| INVOKING Spit Poison.
   289 | D:1      | 289 ||| INVOKING Spit Poison.
   320 | D:1      | 320 ||| INVOKING Spit Poison.
   380 | D:1      | 380 ||| INVOKING Spit Poison.
   594 | D:1      | 594 ||| INVOKING Spit Poison.
   597 | D:1      | 597 ||| INVOKING Spit Poison.
   649 | D:1      | 649 ||| INVOKING Spit Poison.
   650 | D:1      | Reached XP level 3. HP: 32/32 MP: 3/3
   743 | D:1      | 743 ||| INVOKING Spit Poison.
   747 | D:1      | 747 ||| INVOKING Spit Poison.
   870 | D:1      | 870 ||| UPGRADING to +0 pair of gloves.
   875 | D:1      | 875 ||| UPGRADING to +0 helmet.
   880 | D:1      | 880 ||| READING scroll labelled OPNURE QAZYBEPS.
   885 | D:1      | 885 ||| READING scroll labelled ZUOWOW ZOUSS.
   886 | D:1      | 886 ||| DRINKING 2 coppery potions.
   887 | D:1      | 887 ||| DROPPING scroll of butterflies.
   954 | D:2      | 954 ||| INVOKING Spit Poison.
   959 | D:2      | 959 ||| STAIRDANCE
   961 | D:1      | 961 ||| INVOKING Spit Poison.
   966 | D:1      | 966 ||| INVOKING Spit Poison.
  1027 | D:2      | 1027 ||| INVOKING Spit Poison.
  1102 | D:2      | 1102 ||| INVOKING Spit Poison.
  1127 | D:2      | 1127 ||| INVOKING Spit Poison.
  1151 | D:2      | 1151 ||| INVOKING Spit Poison.
  1188 | D:2      | You fall into a shaft and drop 1 floor!
  1192 | D:3      | 1192 ||| Stepping ~*~*~tactically~*~*~ (outnumbered).
  1194 | D:3      | 1194 ||| Stepping ~*~*~tactically~*~*~ (outnumbered).
  1196 | D:3      | 1196 ||| INVOKING Spit Poison.
  1199 | D:3      | 1199 ||| INVOKING Spit Poison.
  1200 | D:3      | Reached skill level 5 in Ranged Weapons
  1200 | D:3      | Reached XP level 4. HP: 39/39 MP: 4/4
  1202 | D:3      | 1202 ||| INVOKING Spit Poison.
  1208 | D:3      | 1208 ||| INVOKING Spit Poison.
  1212 | D:3      | HP: 9/40 [gnoll/+0 halberd (13)]
  1213 | D:3      | 1213 ||| DRINKING potion of heal wounds.
  1214 | D:3      | 1214 ||| INVOKING Spit Poison.
  1218 | D:3      | 1218 ||| INVOKING Spit Poison.
  1220 | D:3      | Reached skill level 3 in Fighting
  1377 | D:2      | Reached XP level 5. HP: 49/49 MP: 5/5
  1434 | D:2      | 1434 ||| INVOKING Spit Poison.
  1448 | D:2      | 1448 ||| INVOKING Spit Poison.
  1545 | D:2      | 1545 ||| INVOKING Spit Poison.
  1746 | D:2      | Found a sparkling altar of Nemelex Xobeh.
  1846 | D:2      | 1846 ||| INVOKING Spit Poison.
  1957 | D:2      | 1957 ||| INVOKING Spit Poison.
  1971 | D:2      | 1971 ||| READING scroll labelled VUTHRE TEEJ OFE.
  2044 | D:3      | Noticed Terence
  2045 | D:3      | 2045 ||| INVOKING Spit Poison.
  2049 | D:3      | 2049 ||| INVOKING Spit Poison.
  2049 | D:3      | Noticed Jessica
  2053 | D:3      | 2053 ||| INVOKING Spit Poison.
  2055 | D:3      | Killed Terence
  2058 | D:3      | 2058 ||| INVOKING Spit Poison.
  2058 | D:3      | Killed Jessica
  2076 | D:3      | 2076 ||| INVOKING Spit Poison.
  2207 | D:3      | 2207 ||| INVOKING Spit Poison.
  2254 | D:3      | 2254 ||| INVOKING Spit Poison.
  2329 | D:3      | Found a shadowy altar of Dithmenos.
  2457 | D:3      | 2457 ||| Stepping ~*~*~tactically~*~*~ (outnumbered).
  2458 | D:3      | 2458 ||| INVOKING Spit Poison.
  2462 | D:3      | 2462 ||| INVOKING Spit Poison.
  2465 | D:3      | 2465 ||| INVOKING Spit Poison.
  2468 | D:3      | Reached skill level 6 in Ranged Weapons
  2469 | D:3      | 2469 ||| INVOKING Spit Poison.
  2472 | D:3      | Reached XP level 6. HP: 21/56 MP: 6/6
  2472 | D:3      | 2472 ||| INVOKING Spit Poison.
  2609 | D:3      | 2609 ||| INVOKING Spit Poison.
  2643 | D:3      | Found Qiryor's General Store.
  2648 | D:3      | 2648 ||| BUYING scroll of identify (24 gold).
  2648 | D:3      | Bought a scroll of identify for 24 gold pieces
  2712 | D:3      | 2712 ||| INVOKING Spit Poison.
  2791 | D:3      | 2791 ||| INVOKING Spit Poison.
  2794 | D:3      | 2794 ||| INVOKING Spit Poison.
  2797 | D:3      | 2797 ||| INVOKING Spit Poison.
  2801 | D:3      | 2801 ||| INVOKING Spit Poison.
  2801 | D:3      | Noticed Robin
  2806 | D:3      | 2806 ||| INVOKING Spit Poison.
  2811 | D:3      | 2811 ||| INVOKING Spit Poison.
  2816 | D:3      | Killed Robin
  2818 | D:3      | 2818 ||| INVOKING Spit Poison.
  2824 | D:3      | 2824 ||| INVOKING Spit Poison.
  2879 | D:3      | 2879 ||| READING scroll labelled QOGULE YV OCEC.
  2880 | D:3      | 2880 ||| DRINKING 2 brown potions.
  2889 | D:3      | 2889 ||| DROPPING potion of ambrosia.
  2909 | D:4      | Noticed Pikel
  2910 | D:4      | 2910 ||| INVOKING Spit Poison.
  2915 | D:4      | 2915 ||| INVOKING Spit Poison.
  2916 | D:4      | 2916 ||| STAIRDANCE
  2920 | D:3      | 2920 ||| INVOKING Spit Poison.
  2925 | D:3      | 2925 ||| INVOKING Spit Poison.
  2925 | D:3      | HP: 14/57 [orc/+0 flail (6)]
  2926 | D:3      | 2926 ||| READING scroll of teleportation.
  2926 | D:3      | HP: 6/57 [orc/+0 flail (8)]
  2927 | D:3      | Slain by an orc

Levels and vault maps discovered:
D:1:      onia_arrival_mini_maze_b, layout_basic, minmay_vboxes
D:2:      layout_basic, basic_altar
D:3:      layout_loops_ring, mainiacjoe_overflow_24_doors, serial_shops,
          nicolae_shop_pleasant_corner_grove, uniq_robin, uniq_terence,
          uniq_jessica
D:4:      layout_basic, chequers_temple_overflow_statue_of_worship, uniq_pikel,
          uniq_menkaure

Skill      XL: |  1  2  3  4  5 |
---------------+----------------+-----
Ranged Weapons | 4 5 6 |  6.0
Fighting       | 3 |  3.9
Dodging        | |  1.5
Stealth        | |  1.5

Action                     |  1- 3 |  4- 6 || total
---------------------------+-------+-------++-------
   Fire: Shortbow          |    63 |    94 ||   157
Ability: Spit Poison       |    25 |    35 ||    60
    Use: Scroll            |     2 |     3 ||     5
         Potion            |     1 |     2 ||     3
 Armour: Leather armour    |    14 |    32 ||    46
  Dodge: Dodged            |    18 |    45 ||    63

Table legend:
 A = Non-vault XP
 B = Vault XP
 C = Vault XP percentage of total XP
 D = Non-vault monster count
 E = Vault monster count
 F = Vault count percentage of total count
                 A         B        C        D         E       F
            +---------+---------+-------+---------+---------+-------
      Total |     309 |     124 |  28.6 |      50 |      22 |  30.6
            +---------+---------+-------+---------+---------+-------
        D:1 |      22 |      16 |  42.1 |      13 |       9 |  40.9
        D:2 |      54 |       0 |   0.0 |      18 |       0 |   0.0
        D:3 |     191 |     108 |  36.1 |      18 |      13 |  41.9
        D:4 |      42 |       0 |   0.0 |       1 |       0 |   0.0
            +---------+---------+-------+---------+---------+-------
